Map: Backcountry

Players

JohnMcClane

  • Race: Protoss Protoss
  • League: Gold
  • Spawn Location: 5:00

Hindulaatti

  • Race: Terran Terran
  • League: Diamond
  • Spawn Location: 5:00

JackONeill

  • Race: Zerg Zerg
  • Spawn Location: 5:00

SunShine

  • Race: Terran Terran
  • League: Master
  • Spawn Location: 11:00

SmaSh

  • Race: Zerg Zerg
  • League: Master
  • Spawn Location: 11:00

sDaLi

  • Race: Terran Terran
  • League: Diamond
  • Spawn Location: 9:00

VOD

Have the link to the VOD?

Description

Time

  • Played on: Feb. 8, 2016, 12:09 p.m.
  • Length: 4:16
Show
View Real Time Build Order
Export as new Build Order

JohnMcClane Protoss 

Build Orders:  

Get SALT Encoding   

  12  0:01  Probe (Chrono Boost)  
  13  0:11  Probe (Chrono Boost)  
  14  0:18  Pylon  
  14  0:25  Probe (Chrono Boost)  
  15  0:37  Probe (Chrono Boost)  
  16  0:47  Probe (Chrono Boost)  
  17  1:11  Nexus  
  17  1:16  Probe (Chrono Boost)  
  18  1:21  Pylon  
  18  1:35  Assimilator  
  18  1:36  Pylon  
  18  1:48  Probe (Chrono Boost)  
  19  1:59  Probe (Chrono Boost)  
  20  2:06  Gateway  
  19  2:10  Probe (Chrono Boost)  
  20  2:20  Probe (Chrono Boost)  
  21  2:27  Assimilator  
  21  2:28  Probe (Chrono Boost)  
  22  2:31  Probe (Chrono Boost)  
  23  2:39  Probe (Chrono Boost)  
  24  2:45  Gateway  
  24  2:47  Gateway  
  24  2:48  Probe (Chrono Boost)  
  24  2:49  Pylon  
  25  2:55  Probe (Chrono Boost)  
  25  2:58  Cybernetics Core  
  26  3:00  Forge  
  26  3:04  Probe (Chrono Boost)  
  27  3:09  Pylon  
  22  3:24  Gateway  
  22  3:26  Pylon  
  22  3:37  Photon Cannon  
  22  3:40  Mothership Core (Chrono Boost)  
Show
View Real Time Build Order
Export as new Build Order

Hindulaatti Terran 

Build Orders:  

Get SALT Encoding   

  12  0:01  SCV  
  13  0:13  SCV  
  14  0:18  Supply Depot  
  14  0:25  SCV  
  15  0:40  SCV  
  15  0:41  Barracks  
  16  0:46  Refinery  
  16  0:52  SCV  
  17  1:04  SCV  
  18  1:16  SCV  
  19  1:29  SCV  
  20  1:35  Reaper  
  21  1:42  Orbital Command  
  21  1:44  Command Center  
  21  1:58  Supply Depot  
  21  2:02  Refinery  
  21  2:07  Barracks Reactor  
  21  2:12  SCV  
  22  2:24  SCV  
  23  2:36  SCV  
  24  2:45  Marine  
  24  2:46  Marine  
  24  2:48  SCV  
  27  2:54  Factory  
  26  2:59  Barracks  
  26  3:00  SCV  
  26  3:02  Barracks  
  26  3:04  Marine x2  
  27  3:05  Orbital Command  
  29  3:15  Bunker, SCV  
  30  3:25  Marine x2  
  31  3:27  SCV  
  31  3:29  Supply Depot  
  29  3:39  Widow Mine  
  31  3:42  Factory  
  31  3:47  Marine  
  31  3:48  Marine  
  32  3:53  Marine x2  
Show
View Real Time Build Order
Export as new Build Order

JackONeill Zerg 

Build Orders: Hatch First 

Get SALT Encoding   

  12  0:01  Drone  
  13  0:17  Drone  
  13  0:18  Overlord  
  14  0:24  Drone, Extractor  
  15  0:36  Drone  
  15  0:39  Drone  
  17  0:57  Drone  
  17  1:03  Hatchery  
  17  1:15  Spawning Pool  
  17  1:16  Drone  
  17  1:17  Extractor  
  16  1:19  Drone  
  17  1:29  Drone  
  18  1:39  Drone  
  19  2:02  Queen  
  19  2:04  Zergling x2  
  19  2:05  Overlord  
  22  2:15  Zergling x4, Queen  
  24  2:17  Zergling x2  
  24  2:20  Metabolic Boost  
  27  2:27  Zergling x4  
  29  2:41  Overlord  
  29  2:45  Drone  
  30  2:51  Drone  
  30  2:52  Drone  
  32  2:59  Spore Crawler, Overlord  
  32  3:01  Drone  
  32  3:06  Baneling Nest  
  32  3:12  Drone x2  
  33  3:20  Drone x2  
  32  3:30  Zergling x8  
  27  3:40  Spine Crawler  
  26  3:43  Zergling x2  
  26  3:44  Zergling x2  
  25  3:58  Baneling x2  
Show
View Real Time Build Order
Export as new Build Order

SunShine Terran 

Build Orders: Hellion Opening 

Get SALT Encoding   

  12  0:01  SCV  
  13  0:14  SCV  
  14  0:18  Supply Depot  
  14  0:26  Refinery  
  15  0:28  SCV  
  15  0:40  SCV  
  16  0:50  Barracks  
  16  0:52  SCV  
  17  1:04  SCV  
  18  1:17  SCV  
  19  1:29  SCV  
  20  1:38  Factory  
  20  1:41  Orbital Command  
  20  1:45  Supply Depot, Barracks Reactor  
  20  2:10  SCV  
  21  2:23  SCV  
  24  2:30  Hellion x2  
  24  2:34  Command Center  
  24  2:35  SCV  
  27  2:50  Supply Depot  
  27  2:53  Hellion x2  
  27  2:54  Factory, Barracks Tech Lab  
  31  3:04  Supply Depot  
  31  3:21  Hellion x2  
  35  3:33  SCV  
  36  3:42  Hellion x2  
  36  3:45  SCV  
  44  3:57  SCV  
Show
View Real Time Build Order
Export as new Build Order

SmaSh Zerg 

Build Orders: Hatch First 

Get SALT Encoding   

  12  0:01  Drone  
  13  0:12  Overlord  
  13  0:17  Drone  
  14  0:31  Drone x2  
  14  0:35  Drone  
  17  0:54  Hatchery  
  17  0:56  Drone  
  17  0:59  Extractor  
  17  1:01  Drone  
  17  1:15  Spawning Pool  
  17  1:18  Drone  
  17  1:22  Drone  
  18  1:29  Drone  
  19  1:39  Overlord  
  19  1:50  Drone  
  20  2:01  Metabolic Boost  
  20  2:02  Queen  
  20  2:05  Queen  
  24  2:15  Drone x2  
  26  2:18  Overlord  
  26  2:38  Zergling x6  
  26  2:39  Zergling x4  
  31  2:47  Zergling x2  
  32  2:53  Zergling x2  
  33  3:04  Zergling x4  
  35  3:08  Zergling x2  
  36  3:15  Hatchery  
  36  3:16  Zergling x6  
  36  3:17  Zergling x8  
  41  3:28  Drone x2  
  41  3:33  Drone  
  43  3:38  Drone  
  43  3:43  Overlord  
  42  3:50  Overlord  
  42  3:51  Overlord x2  
  42  4:02  Drone x4  
Show
View Real Time Build Order
Export as new Build Order

sDaLi Terran 

Build Orders:  

Get SALT Encoding   

  12  0:01  SCV  
  13  0:13  SCV  
  14  0:18  Supply Depot  
  14  0:25  Refinery  
  15  0:28  SCV  
  15  0:40  SCV  
  16  0:50  Barracks  
  16  0:53  SCV  
  17  1:05  SCV  
  17  1:09  Barracks  
  18  1:17  SCV  
  19  1:29  SCV  
  20  1:37  Reaper  
  21  1:41  Orbital Command  
  21  1:48  Supply Depot  
  21  2:02  Reaper  
  21  2:08  SCV  
  23  2:10  Reaper  
  24  2:20  SCV  
  25  2:34  Reaper  
  26  2:42  Reaper  
  27  2:55  SCV  
  28  2:58  Supply Depot, Command Center  
  28  3:02  Engineering Bay  
  28  3:06  Reaper  
  28  3:07  SCV  
  30  3:19  Reaper  
  31  3:24  SCV  
  32  3:32  Missile Turret  
  34  4:12  Barracks x2  
Tags
 
Add a new tag
Caveats
  • Supply blocks, unpowered buildings, or Contaminate may cause inaccurate times.
  • Supply counts are checked every 10 seconds.